 Dungeon Crawl Stone Soup version 0.22-a0-757-gdba82d8 (webtiles) character file.

6350 sking99 the Cruncher (level 10, -46/82 HPs)
             Began as a Demonspawn Gladiator on July 16, 2018.
             Was an Initiate of Gozag.
             Killed from afar by a lich (67 damage)
             ... with a bolt of cold
             ... on level 2 of the Abyss.
             The game lasted 00:18:59 (11177 turns).

sking99 the Cruncher (Demonspawn Gladiator)        Turns: 11177, Time: 00:18:59

Health: -46/82     AC: 22    Str: 18    XL:     10   Next: 65%
Magic:  19/19      EV: 10    Int: 10    God:    Gozag
Gold:   1357       SH:  0    Dex: 14    Spells: 9/9 levels left

rFire    + . .     SeeInvis .   H - +2 lajatang (protect)
rCold    . . .     Gourm    .   (shield currently unavailable)
rNeg     . . .     Faith    .   y - +0 chain mail
rPois    .         Spirit   .   (helmet restricted)
rElec    .         Reflect  .   t - +1 cloak
rCorr    .         Harm     .   r - +1 pair of gloves
MR       .....                  (no boots)
Stlth    ..........             (no amulet)
HPRegen  0.00/turn              i - ring of protection from fire
MPRegen  0.16/turn              z - ring of magical power

@: about to teleport, protection aura, non-regenerating, mildly diseased, hasted
(expiring), very quick
A: antennae 2, molten scales 2, demonic guardian 1, nightstalker 1
a: Potion Petition, Call Merchant, Bribe Branch, Renounce Religion


You were on level 2 of the Abyss.
You worshipped Gozag.
Gozag was most pleased with you.
You were not hungry.

You visited 2 branches of the dungeon, and saw 10 of its levels.
You visited the Abyss 1 time.

You collected 1488 gold pieces.
You paid 131 gold pieces to Gozag.

Inventory:

Hand Weapons
 H - a +2 lajatang of protection (weapon)
Missiles
 v - 2 throwing nets (quivered)
Armour
 r - a +1 pair of gloves (worn)
 t - a +1 cloak (worn)
 y - a +0 chain mail (worn)
Jewellery
 i - a ring of protection from fire (left hand)
 z - a ring of magical power (right hand)
 E - an uncursed ring of fire
Wands
 a - a wand of iceblast (15)
 j - a wand of random effects (23)
 u - a wand of polymorph (18)
 D - a wand of digging (15)
Scrolls
 e - 3 scrolls of fog
 g - 3 scrolls of teleportation
 k - a scroll of immolation
 m - a scroll of blinking
 n - 6 scrolls of remove curse
 A - 2 scrolls of enchant armour
 B - 2 scrolls of magic mapping
Potions
 b - 2 potions of magic
 c - a potion of agility {unknown}
 d - 2 potions of berserk rage {unknown}
 h - a potion of cancellation {unknown}
 l - a potion of degeneration
 o - 3 potions of curing
 s - 3 potions of lignification
 w - 3 potions of resistance
 x - a potion of brilliance
 F - a potion of mutation {unknown}
 G - a potion of flight {unknown}
Comestibles
 f - 7 rations


   Skills:
 + Level 8.4 Fighting
 * Level 10.8 Staves
 - Level 1.7 Throwing
 + Level 7.9 Dodging


You had 9 spell levels left.
You didn't know any spells.
Your spell library contained the following spells:

 Spells                   Type           Power        Failure   Level  Hunger
 Cause Fear               Hex            #.........   100%        4    #####..
 Slow                     Hex            #.......     100%        2    ###....
 Animate Dead             Necr           N/A          100%        4    #####..
 Pain                     Necr           #...         99%         1    ##.....
 Animate Skeleton         Necr           N/A          99%         1    ##.....
 Vampiric Draining        Necr           #.........   100%        3    ####...
 Regeneration             Chrm/Necr      #.........   100%        3    ####...
 Corona                   Hex            #......      99%         1    ##.....
 Portal Projectile        Hex/Tloc       #.....       100%        3    ####...
 Leda's Liquefaction      Hex/Erth       #.........   100%        4    #####..
 Inner Flame              Hex/Fire       #.......     100%        3    ####...


Dungeon Overview and Level Annotations

Branches:
Dungeon (9/15)             Temple (1/1) D:5
   Lair: D:8-11         Orc: D:9-12

Altars:
Ashenzari
Cheibriados
Dithmenos
Fedhas
Gozag
Hepliaklqana
Kikubaaqudgha
Makhleb
Nemelex Xobeh
Okawaru
Qazlal
Ru
Sif Muna
Trog
Uskayaw
Vehumet
Wu Jian
Xom
Yredelemnul
Zin
The Shining One

Shops:
D:6 (

Annotations:
D:5 Menkaure
D:9 Erolcha


Innate Abilities, Weirdness & Mutations

You have a pair of antennae on your head.
You are mostly covered in molten scales. (AC +3)
A weak demonic guardian rushes to your aid.
You are slightly more attuned to the shadows.


Message History

The white imp is moderately wounded.
The white imp barely misses you.
You closely miss the white imp.
The white imp is moderately wounded.
The white imp gestures at you. The puff of frost misses you.
You barely miss the white imp.
The white imp is moderately wounded.
You hit the white imp.
The white imp is severely wounded.
The white imp barely misses you.
You closely miss the white imp.
The white imp is severely wounded.
The lich casts a spell at you. The bolt of cold hits your white imp.
Your white imp resists.
The bolt of cold hits you!
Ouch! That really hurt!
You die...
Your body crumbles into a pile of gold.

.# ... . ......
.. # ..#.# #.# #
#.# ....#.. ..#
#.. L{#.##.#.#
##...#...#...#
......$#.##..#
.##...#L#.5.#
#...#..5@#.# .
#......##5.# #.#
# ....##.#.# ...
#.........#.#..#
.......#.#..
#....##...#...#
#.. #..# 5$.# ..
. ..... .... .
...


You could see a lich, a white imp and 2 friendly white imps.

Vanquished Creatures
  Pikel (D:4)
  Maurice (D:8)
  Joseph (D:8)
  Psyche (D:8)
  An ancient zyme (Abyss:1)
  2 polar bears (D:8)
  Prince Ribbit (D:7)
  A blink frog (D:4)
  Sigmund (D:3)
  A yak (D:8)
  A human (D:7)
  A hungry ghost (D:8)
  3 hogs (D:7)
  Duvessa (D:4)
  A slave (D:4)
  3 orc warriors
  3 ice beasts
  A sky beast (D:7)
  A wolf (D:8)
  2 centaurs
  2 ogres (D:8)
  A centaur (shapeshifter) (D:6)
  Blork the orc (D:5)
  A big kobold (D:8)
  3 bullfrogs
  A scorpion (D:6)
  2 electric eels (D:8)
  2 crimson imps
  A howler monkey (D:5)
  A bullfrog zombie (D:5)
  A centaur zombie (D:8)
  3 jellies
  A gnoll shaman (D:7)
  5 orc priests
  Crazy Yiuf (D:2)
  A bullfrog skeleton (D:5)
  7 orc wizards
  An iguana (D:5)
  5 worker ants
  A bullfrog simulacrum (D:8)
  12 gnolls
  8 adders
  A shadow imp (D:7)
  2 white imps (D:8)
  2 ufetubi (D:8)
  An ooze (D:1)
  2 adder zombies (D:5)
  An adder skeleton (D:8)
  A dart slug (D:2)
  5 leopard geckos
  16 orcs
  2 ball pythons (D:3)
  3 giant cockroaches
  10 goblins
  5 hobgoblins
  11 jackals
  A quokka (D:4)
  9 bats
  4 frilled lizards
  A jackal simulacrum (D:8)
  11 kobolds
  A leopard gecko zombie (D:8)
  A quokka simulacrum (D:8)
  2 rats
181 creatures vanquished.

Vanquished Creatures (collateral kills)
  A yak (D:7)
  A water moccasin (D:5)
  An ogre (D:5)
  A worker ant (D:5)
  3 orcs
  2 kobolds (D:8)
9 creatures vanquished.

Vanquished Creatures (others)
  A slave (D:4)
  A centaur (D:5)
  2 scorpions
  Dowan (D:4)
  An orc (D:4)
6 creatures vanquished.

Grand Total: 196 creatures vanquished

Notes
Turn   | Place    | Note
-------+----------+-------------------------------------------
     0 | D:1      | sking99 the Demonspawn Gladiator began the quest for the Orb.
     0 | D:1      | Reached XP level 1. HP: 16/16 MP: 1/1
   453 | D:1      | Reached skill level 3 in Staves
   492 | D:1      | Gained mutation: You are partially covered in molten scales. (AC +2) [demonic ancestry]
   492 | D:1      | Reached XP level 2. HP: 21/22 MP: 2/2
  1266 | D:1      | Gained mutation: You have a pair of small antennae on your head. [demonic ancestry]
  1266 | D:1      | Reached XP level 3. HP: 25/28 MP: 3/3
  1425 | D:2      | Found a hide-covered altar of Uskayaw.
  1428 | D:2      | Noticed a hand axe
  1428 | D:2      | Noticed a dagger
  1861 | D:2      | Found a runed door.
  2147 | D:2      | Noticed Crazy Yiuf
  2161 | D:2      | Killed Crazy Yiuf
  2161 | D:2      | Reached XP level 4. HP: 19/34 MP: 4/4
  2368 | D:3      | Noticed Sigmund
  2386 | D:3      | Killed Sigmund
  2386 | D:3      | Reached skill level 4 in Staves
  2386 | D:3      | Reached XP level 5. HP: 20/41 MP: 5/5
  2472 | D:3      | Gained mutation: A weak demonic guardian rushes to your aid. [demonic ancestry]
  2472 | D:3      | Reached XP level 6. HP: 37/47 MP: 6/6
  3255 | D:4      | Noticed a blink frog
  3255 | D:4      | an ogre changed into a blink frog
  3261 | D:4      | Killed a blink frog
  3261 | D:4      | Reached skill level 5 in Staves
  3357 | D:4      | Noticed a slave
  3357 | D:4      | Noticed a slave
  3358 | D:4      | Noticed Pikel
  3360 | D:4      | Noticed a slave
  3360 | D:4      | Noticed a slave
  3369 | D:4      | Reached XP level 7. HP: 43/54 MP: 7/7
  3385 | D:4      | Killed Pikel
  3385 | D:4      | Reached skill level 6 in Staves
  3557 | D:4      | Killed Dowan
  3629 | D:4      | Noticed Duvessa
  3643 | D:4      | Killed Duvessa
  3643 | D:4      | Reached skill level 5 in Fighting
  3643 | D:4      | Reached skill level 5 in Dodging
  3643 | D:4      | Gained mutation: You are slightly more attuned to the shadows. [demonic ancestry]
  3643 | D:4      | Reached XP level 8. HP: 8/62 MP: 8/8
  3984 | D:4      | Found a hazy altar of Hepliaklqana.
  3984 | D:4      | Found a stormy altar of Qazlal.
  4363 | D:5      | Entered Level 5 of the Dungeon
  4400 | D:5      | Found a staircase to the Ecumenical Temple.
  4411 | Temple   | Entered the Ecumenical Temple
  4457 | Temple   | Became a worshipper of Gozag Ym Sagoz the Greedy
  4507 | D:5      | Reached skill level 7 in Staves
  4515 | D:5      | Found a burning altar of Makhleb.
  5151 | D:5      | Noticed Menkaure
  5694 | D:5      | Noticed Blork the orc
  5700 | D:5      | Killed Blork the orc
  5719 | D:5      | Reached skill level 8 in Staves
  5825 | D:5      | Found a shimmering altar of Xom.
  6139 | D:6      | Gained mutation: You are mostly covered in molten scales. (AC +3) [demonic ancestry]
  6139 | D:6      | Reached XP level 9. HP: 56/69 MP: 9/9
  6207 | D:6      | Found Hoppoq's Antique Weapon Boutique.
  6329 | D:6      | Found a stormy altar of Qazlal.
  6491 | D:6      | Found a blossoming altar of Fedhas.
  7296 | D:7      | Noticed Prince Ribbit
  7300 | D:7      | Killed Prince Ribbit
  7354 | D:7      | Reached skill level 9 in Staves
  8630 | D:8      | Identified a scroll of acquirement
  8642 | D:8      | Noticed a polar bear
  8649 | D:8      | Gained mutation: You have a pair of antennae on your head. [demonic ancestry]
  8649 | D:8      | Reached XP level 10. HP: 79/79 MP: 10/10
  8676 | D:8      | Reached skill level 10 in Staves
  9277 | D:8      | Noticed Maurice
  9298 | D:8      | Killed Maurice
  9732 | D:8      | Noticed Psyche
  9753 | D:8      | Killed Psyche
 10431 | D:8      | Noticed Joseph
 10442 | D:8      | Killed Joseph
 11058 | D:9      | Noticed Erolcha
 11058 | D:9      | Paralysed by a hornet for 2 turns
 11062 | D:9      | Cast into level 1 of the Abyss (Erolcha)
 11091 | Abyss:1  | Noticed a large abomination
 11117 | Abyss:1  | HP: 2/82 [large abomination (19)]
 11166 | Abyss:2  | Noticed a lich
 11177 | Abyss:2  | Killed from afar by a lich

Vault maps used:
D:1:      noname_arrival_rooms_in_the_neighbourhood
D:2:      dancing_weapons_uskayaw, st_stairs_12, uniq_crazy_yiuf_cottage
D:3:      first_ration, minmay_ruptured, uniq_sigmund
D:4:      gammafunk_temple_overflow_wave, uniq_duvessa, uniq_pikel
D:5:      nicolae_overflow_hidden_temple, minmay_temple_entry_glass,
          minmay_bent, uniq_menkaure, uniq_blork_the_orc
D:6:      old_standard_altar, serial_shops, shop, grunt_qazlal_sundering
D:7:      abandoned_shop, mrwooster_statue_mirror, grunt_livestock,
          uniq_prince_ribbit1
D:8:      serial_ice, serial_ice_l, serial_ice_f, serial_ice_b, serial_ice_c,
          uniq_joseph, uniq_psyche, uniq_maurice
D:9:      uniq_erolcha
Temple:   eino_wide_crystal_templ

Skill      XL: |  1  2  3  4  5  6  7  8  9 10 |
---------------+-------------------------------+-----
Staves         | 3 4 5 6 8 9 10 | 10.8
Dodging        | 3 4 5 6 7 |  7.9
Fighting       | 3 4 5 6 7 8 |  8.4
Throwing       | |  1.7

Action                   |  1- 3 |  4- 6 |  7- 9 | 10-12 || total
-------------------------+-------+-------+-------+-------++-------
Melee: Quarterstaff      |   127 |    71 |   292 |       ||   490
       Lajatang          |       |       |     6 |   198 ||   204
Throw: Throwing net      |     1 |     2 |       |     3 ||     6
  Use: Scroll            |       |     9 |     8 |     6 ||    23
       Potion            |       |       |     2 |     2 ||     4
 Stab: Held in net/web   |     2 |       |       |       ||     2
       Distracted        |       |       |     4 |     3 ||     7
       Confused          |       |       |     1 |       ||     1
       Paralysed         |       |       |     5 |       ||     5
  Eat: Chunk             |     4 |     4 |     1 |       ||     9
       Ration            |       |       |     5 |     3 ||     8
Armor: Leather armour    |    41 |       |       |       ||    41
       Scale mail        |    20 |    49 |     3 |       ||    72
       Skin              |       |       |     3 |       ||     3
       Chain mail        |       |       |   120 |    95 ||   215
Dodge: Dodged            |   126 |    46 |   121 |    90 ||   383

Table legend:
 A = Spawn XP
 B = Non-spawn XP
 C = Spawn XP percentage of total XP
 D = Spawn monster count
 E = Non-spawn monster count
 F = Spawn count percentage of total count
 G = Total turns spent on level
                    A         B        C        D         E        F      G
               +---------+---------+-------+---------+---------+-------+---------
         Total |     304 |    8768 |   3.4 |       1 |     190 |   0.5 | 11177
               +---------+---------+-------+---------+---------+-------+---------
           D:1 |       0 |      42 |   0.0 |       0 |      23 |   0.0 |  1378
           D:2 |       0 |      68 |   0.0 |       0 |      15 |   0.0 |   989
           D:3 |       0 |     342 |   0.0 |       0 |      24 |   0.0 |   811
           D:4 |       0 |    1075 |   0.0 |       0 |      14 |   0.0 |  1464
           D:5 |       0 |    1119 |   0.0 |       0 |      24 |   0.0 |  1401
           D:6 |       0 |     647 |   0.0 |       0 |      13 |   0.0 |   772
           D:7 |       0 |    1943 |   0.0 |       0 |      26 |   0.0 |  1697
           D:8 |       0 |    3532 |   0.0 |       0 |      51 |   0.0 |  2482
       Abyss:1 |     304 |       0 | 100.0 |       1 |       0 | 100.0 |    58
               +---------+---------+-------+---------+---------+-------+---------
